[Event "85th Tata Steel Challengers 2023"]
[Site "Wijk aan Zee"]
[Date "2023.01.20"]
[Round "6.7"]
[White "L'Ami, Erwin"]
[Black "Warmerdam, Max"]
[Result "1-0"]
[ECO "D12"]
[WhiteElo "2627"]
[BlackElo "2616"]
[Annotator "TA"]
[PlyCount "99"]
[EventDate "2023.01.10"]
[EventType "tourn"]
[EventCountry "NED"]
[SourceTitle "playchess.com"]
[Source "ChessBase"]
[SourceQuality "1"]
[TimeControl "40/6000+30:30/3000+30:900+30"]

1. d4 d5 2. c4 c6 3. Nf3 Nf6 4. e3 Bf5 5. Nc3 e6 6. Nh4 Be4 7. f3 Bg6 8. Qb3 Qc7 9. cxd5 {[%emt 0:00:21] D12: Slav Defence: 3 Nf3 Nf6 4 e3 Bf5.} cxd5 10. Bd2 Nc6 11. O-O-O {[%emt 0:02:37] The position is equal.} a6 {[%emt 0:00:06] And now ...Na5 would win.} 12. Nxg6 hxg6 13. Kb1 b5 {[%emt 0:00:11] [#]} (13... Rxh2 $2 14. Rxh2 Nxd4 15. exd4 $18) (13... Be7 $11) 14. Ne2 $146 (14. Nxb5 $1 $16 axb5 15. Rc1) ({Predecessor:} 14. Rc1 Na5 15. Qc2 Nc4 16. Bxc4 bxc4 17. e4 Be7 18. Bg5 Qc6 19. h4 Rb8 20. Ka1 {½-½ Sintoro,A (1800)-Boettcher,F (1929) IECG CB.2004.0.00113 email}) 14... Na5 15. Bxa5 Qxa5 16. e4 Be7 17. Qe3 Rc8 18. Nf4 O-O 19. exd5 (19. h4 $11) 19... Bd6 $1 $15 20. Bd3 Bxf4 {[%emt 0:01:26][%mdl 64] Remove Defender} (20... exd5 21. Nxg6 Rfe8 22. Ne5 $16) (20... Nxd5 21. Nxd5 exd5 22. Qg5 $11) 21. Qxf4 {[%emt 0:00:44] Black must now prevent dxe6.} Nxd5 (21... exd5 22. Rc1 $11) 22. Qd2 b4 {[%emt 0:15:04][%cal Od5c3] ...Nc3+! is the strong threat.} 23. Ka1 Qa4 24. h4 b3 25. a3 a5 (25... Nc3 $15 26. Rc1 (26. bxc3 $2 Qxa3+ 27. Kb1 b2 $19) 26... Nb5 27. Bxb5 axb5) 26. Kb1 (26. h5 $11 Qxd4 27. hxg6) 26... Rc7 (26... Qxd4 $15 27. Ba6 Qxd2 28. Rxd2 Rcd8) 27. h5 $11 Rfc8 $2 {[%emt 0:00:53][%mdl 8192] White now steadily converts the win.} (27... Qxd4 $11 {and Black is okay.} 28. hxg6 fxg6) 28. hxg6 $18 Rc2 $2 {[%emt 0:09:11] [#]} (28... Qxd4 $2 29. gxf7+ Kf8 30. Rh8+ (30. Qxa5 $2 Rc2 $19 {[%mdl 64] Promotion}) 30... Ke7 31. Re8+ (31. Qg5+ Qf6 $16) 31... Kxf7 32. Bg6+ Kxg6 33. Rxe6+ Kf7 34. Qxd4 $18) (28... Kf8 $18 29. Qe1 Rc2 30. Rh8+ Ke7 31. Rxc8 Rxc8 32. gxf7 Qd7 33. Qxa5 Qc7 34. Qxc7+ Rxc7) 29. Rh8+ $3 {[%emt 0:02:15][%mdl 576] Deflection} Kxh8 {[%emt 0:00:04] [#]} 30. gxf7 $1 Rxb2+ 31. Kxb2 (31. Qxb2 g6 $18) 31... Qxd4+ {[%emt 0:00:06] [#]} 32. Kb1 $1 (32. Kxb3 Rc3+ 33. Ka2 Nb4+ 34. axb4 Qd5+ 35. Kb2 (35. Ka1 Ra3+ 36. Kb1 Qb3+ 37. Qb2 Qxd1+ 38. Qc1 Qxd3+ 39. Qc2 Qf1+ 40. Qc1 Ra1+ {[%mdl 64] Skewer, Deflection} 41. Kxa1 Qxc1+ 42. Ka2 Qc4+ 43. Kb1 Qxb4+ 44. Kc2 a4 45. g4 a3 46. g5 a2 47. f8=Q+ Qxf8 48. Kb2 Qa8 49. Kc3 a1=Q+ 50. Kd3 Qxf3+ 51. Kc4 Qfc3+ 52. Kb5 Qaa5#) 35... Qb3+ 36. Ka1 Qa4+ 37. Qa2 Qxd1+ 38. Bb1 Rc8 $11) 32... Qh4 33. Rc1 (33. Qc1 $142 Rxc1+ 34. Rxc1 Nc3+ 35. Rxc3 Qd8 36. Bg6 Qf8 37. Rc1 Qxf7 38. Bxf7) 33... Rb8 34. Qe1 $2 (34. Qb2 {White wants to mate with Qe5.} Rf8 35. Qe5 (35. Qxb3 g6 $18)) 34... Qxe1 35. Rxe1 {[%emt 0:00:02][%cal Re1h1][%mdl 4096] Endgame KRB-KRN} g5 $2 (35... Nc3+ 36. Kc1 b2+ 37. Kd2 b1=Q 38. Bxb1 Nxb1+ 39. Rxb1 Rd8+ 40. Ke3 g6) 36. Rxe6 {[%emt 0:00:36] Re8+ would kill now.} Nc3+ 37. Kc1 (37. Kb2 Na4+ 38. Kb1 Rf8 $18) 37... Rf8 38. Re8 Kg7 39. Bc4 a4 40. Kb2 Nd1+ 41. Kc1 $2 (41. Ka1 $18) 41... Nf2 $2 (41... Nc3 $11 42. g4 Rxf7) 42. Kd2 g4 (42... Nh1 $142 43. Re5 Kf6) 43. fxg4 {[%emt 0:15:26] White is clearly winning.} Nxg4 44. Bd5 Nf2 45. Rxf8 Kxf8 46. Bc6 b2 47. Kc2 (47. Bxa4 b1=Q 48. Ke3 Ng4+ 49. Kd4 Qb6+ 50. Kc4 Ne5+ 51. Kd5 Nxf7 52. Bc2 Qb5+ 53. Kd4 Qb2+ 54. Kd3 Ne5+ 55. Ke4 Nd7 56. Bd3 Nc5+ {[%mdl 64] Deflection} 57. Kd5 Nxd3 58. Ke4 Qxa3 59. g4 Ke7 60. g5 Ke6 61. Ke3 Ke5 62. g6 Nf4+ 63. Kd2 Qb2+ 64. Kd1 Qe2+ 65. Kc1 Nd3+ 66. Kb1 Qb2#) 47... Nd1 48. Bf3 (48. Kxd1 b1=Q+ 49. Kd2 Qb2+ 50. Ke3 Qc3+ 51. Ke4 Qxc6+ 52. Ke5 Qc5+ 53. Ke4 Qxa3 54. g4 Qd6 55. g5 a3 56. g6 Qxg6+ 57. Kf3 a2 58. Kf2 a1=Q 59. Ke3 Qg3+ 60. Kd2 Qb2+ 61. Kd1 Qg1#) ({Stronger than} 48. Bxa4 Nc3 49. Kxb2 Nxa4+ 50. Kb3 Nc5+ 51. Kc4 Nb7 $11) 48... Ne3+ 49. Kxb2 Nc4+ 50. Kc3 {[%emt 0:01:17] A cool game by L'Ami.   Weighted Error Value: White=0.43/Black=0.80} 1-0

[Event "85th Tata Steel Challengers 2023"]
[Site "Wijk aan Zee"]
[Date "2023.01.21"]
[Round "7.1"]
[White "Donchenko, Alexander"]
[Black "Yilmaz, Mustafa"]
[Result "1-0"]
[ECO "D38"]
[WhiteElo "2627"]
[BlackElo "2609"]
[Annotator "TA"]
[PlyCount "93"]
[EventDate "2023.01.10"]
[EventType "tourn"]
[EventCountry "NED"]
[SourceTitle "playchess.com"]
[Source "ChessBase"]
[SourceQuality "1"]
[TimeControl "40/6000+30:30/3000+30:900+30"]

1. d4 {[%emt 0:00:03] Kapnisis,Spyridon} Nf6 2. c4 e6 3. Nf3 d5 4. Nc3 Bb4 5. Qa4+ Nc6 6. e3 O-O 7. Qc2 {[%emt 0:00:15] D38: Queen's Gambit Declined: Ragozin Defence (4 Nf3 Bb4).} b6 8. Bd2 Bb7 9. cxd5 {[%emt 0:00:57] The position is equal.} exd5 10. a3 Bd6 11. Nb5 Be7 12. Bd3 a6 13. Nc3 Bd6 14. O-O Ne7 15. b4 Ng6 16. b5 {[%emt 0:04:08] [#]} Re8 $146 ({Predecessor:} 16... a5 17. a4 Re8 18. Bc1 Ne4 19. Ba3 Rc8 20. Rfc1 Nh4 21. Nxh4 Qxh4 22. g3 Qg5 23. Nxe4 dxe4 24. Bf1 Qf5 {½-½ Robson,R (2676)-Swiercz,D (2656) Saint Louis Spring-A 2022 (6)}) 17. Rfc1 a5 18. Ne2 Ne4 19. Be1 h5 20. Ng3 Nxg3 21. hxg3 Qf6 22. Bc3 Rad8 23. a4 Bc8 24. Bb2 Bg4 25. Nh2 Be6 26. Ba3 Rc8 27. Qd1 h4 28. Bxd6 cxd6 29. g4 Ne7 {[%emt 0:05:01] Repels Rc6} 30. Rxc8 Rxc8 31. Rc1 g5 32. Rxc8+ Nxc8 33. Qc2 Kf8 {[%emt 0:05:26] [#]} 34. f4 (34. Bf5 $142 $1 ) 34... Qe7 (34... Bd7 $16) 35. Kf2 Qf6 $2 {[%emt 0:04:37] A mistake that costs the game.} (35... Qd8 $16 36. Bf5 gxf4) 36. f5 $18 {[%emt 0:01:24] White is clearly winning.} Bd7 37. Qc7 {[%emt 0:01:30] Inhibits Qd8.} Qe7 38. Qb7 f6 39. Bc2 ({Weaker is} 39. Qxd5 Be8 40. Qc4 Qd8 $18) 39... Ke8 40. Nf3 Kd8 41. Qxd5 Be8 {[%emt 0:01:34] Black is weak on the light squares} 42. Bb3 Qd7 43. e4 Ne7 44. Qa8+ Qc8 45. Qa7 Qc7 46. Qxc7+ Kxc7 47. e5 {[%emt 0:00:00] Weighted Error Value: White=0.05 (flawless) /Black=0.28 (precise)} 1-0

[Event "85th Tata Steel Challengers 2023"]
[Site "Wijk aan Zee"]
[Date "2023.01.21"]
[Round "7.2"]
[White "Warmerdam, Max"]
[Black "Ivic, Velimir"]
[Result "1/2-1/2"]
[ECO "B15"]
[WhiteElo "2616"]
[BlackElo "2585"]
[Annotator "TA"]
[PlyCount "145"]
[EventDate "2023.01.10"]
[EventType "tourn"]
[EventCountry "NED"]
[SourceTitle "playchess.com"]
[Source "ChessBase"]
[SourceQuality "1"]
[TimeControl "40/6000+30:30/3000+30:900+30"]

1. e4 c6 2. d4 d5 3. Nc3 dxe4 4. Nxe4 Nf6 5. Nxf6+ exf6 6. Be3 Bd6 {[%emt 0:04:28] B15: Caro-Kann: 3 Nc3: 3...g6 and 3...dxe4 4 Nxe4 Nf6 5 Nxf6+ exf6.} 7. Bd3 Nd7 8. Ne2 {[%emt 0:00:27] [#]} Nf8 $146 {[%emt 0:00:27] White is slightly better.} ({Predecessor:} 8... f5 9. O-O Nf6 10. c4 O-O 11. Qc2 Ng4 12. h3 Nxe3 13. fxe3 g6 14. Rf3 Bd7 {1-0 Vokhidov,S (2552)-Keymer,V (2672) Chess.com Rapid Wk25 Swiss 2022 (7)}) 9. c4 Ng6 10. Qc2 O-O 11. O-O Be6 12. Nc3 Qc7 13. g3 Bh3 14. Rfe1 (14. c5 $5 Be7 15. Rfe1 $14) 14... Qd7 15. Ne4 Bb4 16. Nc5 (16. Red1 $5) 16... Bxc5 17. dxc5 Rad8 18. Rad1 {[%emt 0:06:25] [#] Threatens to win with Bxg6.} Bg4 19. Rd2 {[%emt 0:00:44] aiming for Bxg6.} Qc8 {[%emt 0:04:12] White must now prevent ...Ne5.} 20. f4 {[%emt 0:01:46] Repels Ne5} Rfe8 21. Be4 h5 22. Rd6 Ne7 (22... Re7 $5 ) 23. Bf2 Nf5 24. Rxd8 Rxd8 25. Qc3 Kf8 26. Bg2 Ne7 27. b4 Bh3 28. Bh1 Rd7 29. Bf3 h4 30. Qa3 a6 31. b5 Be6 (31... hxg3 {simplifies} 32. hxg3 axb5 33. cxb5 Be6) 32. Qa4 (32. bxa6 $11 bxa6 33. Be2 (33. gxh4 Bxc4 34. Qa5 Bd5 $15)) 32... Rd3 (32... cxb5 $15 33. cxb5 axb5 34. Qxb5 Nc6) 33. Be2 (33. bxa6 $11 bxa6 34. Be4 hxg3 35. hxg3 (35. Bxd3 gxf2+ 36. Kxf2 Qb8 $11)) 33... Rd2 (33... axb5 $15 34. cxb5 Rd2) 34. bxa6 bxa6 35. Be3 Rd8 36. Rd1 (36. Qa5 $11) 36... Re8 $1 $15 37. Re1 (37. gxh4 $2 {too greedy.} Bg4 38. Bf1 Bxd1 39. Qxd1 Nf5 $19) 37... Bg4 38. Bd3 ({White should try} 38. Bxg4 $1 $15 Qxg4 39. Bf2) 38... Nf5 $17 39. Bf2 Rxe1+ 40. Bxe1 Nd4 {[%emt 0:05:19] And now ...Qd8 would win.} 41. Kf2 Bf5 ({Better is} 41... Qe8 $17 {...Nf3 would be deadly.} 42. Bc3 Nf5) 42. Bf1 (42. Qd1 $15) 42... Nc2 43. Qb3 (43. Qa5 $1 $15) 43... Be4 (43... Kg8 $17 {...Be4 is the strong threat.} 44. Qf3 Qd7) 44. Bd3 $11 Nd4 45. Qb2 {[%emt 0:01:13] White is weak on the light squares} (45. Qd1 $11 Qf5 46. Qb1 Bxd3 47. Qb8+ Ke7 48. Qd6+ Ke8 49. Qb8+ Ke7 50. Qd6+ Ke8 51. Qb8+ Ke7) 45... hxg3+ 46. hxg3 Bxd3 47. Qxd4 $15 {[%emt 0:00:05][%mdl 4096] Endgame KQB-KQB} Bb1 48. Ba5 Bxa2 49. g4 Kg8 (49... Qxg4 $2 50. Qd8#) 50. f5 Qb8 {[%emt 0:00:54] Strongly threatening ...Qh2+.} 51. Qd8+ Qxd8 52. Bxd8 Bxc4 {[%emt 0:00:20] KB-KB} 53. Kf3 Kf8 54. Ba5 g6 55. Bc3 Kg7 56. Kf4 Bd3 57. Bd2 Bc2 58. Bc3 Kh6 59. Bd2 gxf5 60. gxf5 Kh5 61. Bc3 Bb1 62. Be1 Bc2 63. Bc3 Kh4 64. Bxf6+ Kh3 65. Bc3 Kg2 66. f6 Kf2 67. Ba5 Ke2 68. Bb6 (68. Ke5 $1 $11 {was the only way to keep the balance.}) 68... Kd3 $17 {[%emt 0:00:15] Black is better.} 69. Kf3 Bb3 70. Kf2 Be6 71. Ke1 Bg4 72. Ba5 Kc4 73. Bb6 {[%emt 0:00:05] Weighted Error Value: White=0.16 (very precise) /Black=0.13 (very precise)} 1/2-1/2

[Event "85th Tata Steel Challengers 2023"]
[Site "Wijk aan Zee"]
[Date "2023.01.21"]
[Round "7.3"]
[White "Sindarov, Javokhir"]
[Black "Roebers, Eline"]
[Result "1-0"]
[ECO "C07"]
[WhiteElo "2654"]
[BlackElo "2361"]
[Annotator "TA"]
[PlyCount "83"]
[EventDate "2023.01.10"]
[EventType "tourn"]
[EventCountry "NED"]
[SourceTitle "playchess.com"]
[Source "ChessBase"]
[SourceQuality "1"]
[TimeControl "40/6000+30:30/3000+30:900+30"]

1. e4 e6 2. d4 d5 3. Nd2 c5 4. exd5 Qxd5 5. dxc5 Nf6 6. Nb3 {[%emt 0:04:58] C07: French Tarrasch: 3...c5, 4 Ngf3 and 4 exd5 Qxd5.} Qxd1+ 7. Kxd1 Be7 8. Nf3 {[%emt 0:33:03] The position is equal.} Nbd7 9. Bb5 a6 {[%emt 0:01:06] Black is weak on the dark squares} 10. Ba4 O-O 11. Be3 Nd5 12. Bd4 {[%emt 0:03:19] [#]} f6 $146 ({Predecessor:} 12... Rd8 13. Ke2 f6 14. c4 Nf4+ 15. Kf1 e5 16. Be3 Nd3 17. c6 N7c5 18. Nxc5 Bxc5 {1-0 Namitbir,S (2339)-Berczes,D (2446) Budapest SixDays 11 GM 2022 (6)}) 13. c4 Nb4 14. a3 Nc6 (14... Nd3 $5 ) 15. Bxc6 bxc6 16. Na5 Nb8 (16... Nxc5 $11 {remains equal.} 17. b4 (17. Nxc6 Bd6 $11) 17... Na4) 17. b4 Bd8 18. Nb3 {[%emt 0:00:40] White is much more active.} (18. Kc2 $16) 18... e5 $14 19. Be3 Be6 20. Nfd2 Nd7 21. Kc2 a5 22. Rhd1 (22. f3 $14) 22... f5 $11 {[%emt 0:05:48] Threatens to win with ...f4.} 23. f3 a4 24. Nc1 Bf6 25. Ne2 f4 (25... Rad8 $14) 26. Bf2 e4 {[%emt 0:00:16] ...e3 would be deadly.} 27. Nxf4 Bf5 {[%emt 0:02:27] This move loses the game for Black.} (27... Bf7 $16) 28. fxe4 $1 $18 Bxa1 29. exf5 ({Not} 29. Rxa1 Bxe4+ 30. Nxe4 Rxf4 $15) 29... Rxf5 30. Rxa1 Rxf4 {[%emt 0:00:01] [#]} 31. Bg3 Rg4 {[%emt 0:04:15] [#]} 32. Re1 {[%emt 0:00:47] Dodges Re8} Rc8 33. Re2 Nf6 34. Kd3 Kf7 $2 (34... Rg5 {was necessary.} 35. Nf3 Rf5) 35. Nf3 Nd7 36. Nd4 Nf6 37. Be5 Ne8 38. h3 Rg6 39. Kc3 Nc7 $2 (39... Nf6 40. Kd3 h6) 40. Rf2+ {[%emt 0:00:38] White is clearly winning.} Kg8 41. Bd6 Ne6 42. Nf5 {[%emt 0:00:00] Weighted Error Value: White=0.05 (flawless) /Black=0.29 (precise)} 1-0

[Event "85th Tata Steel Challengers 2023"]
[Site "Wijk aan Zee"]
[Date "2023.01.21"]
[Round "7.4"]
[White "Beerdsen, Thomas"]
[Black "Mishra, Abhimanyu"]
[Result "1-0"]
[ECO "B99"]
[WhiteElo "2515"]
[BlackElo "2559"]
[Annotator "TA"]
[PlyCount "115"]
[EventDate "2023.01.10"]
[EventType "tourn"]
[EventCountry "NED"]
[SourceTitle "playchess.com"]
[Source "ChessBase"]
[SourceQuality "1"]
[TimeControl "40/6000+30:30/3000+30:900+30"]

1. e4 c5 2. Nf3 d6 3. d4 cxd4 4. Nxd4 Nf6 5. Nc3 a6 6. Bg5 e6 7. f4 Be7 8. Qf3 Qc7 9. O-O-O Nbd7 10. g4 h6 11. Bxf6 Bxf6 12. h4 Nb6 {[%emt 0:00:29] B99: Sicilian Najdorf: 6 Bg5 e6 7 f4 Be7 8 Qf3 Qc7 9 0-0-0 Nbd7.} 13. Be2 Bd7 14. g5 Be7 {[%emt 0:00:13] [#] White is slightly better.} 15. a4 $146 ({Predecessor:} 15. Rhg1 hxg5 16. hxg5 g6 17. f5 e5 18. Nb3 gxf5 19. exf5 O-O-O 20. Na5 Kb8 21. Qe4 {0-1 Kaufman,R (2209)-De Firmian,N (2464) Banff op 2022 (4)}) 15... Nxa4 $11 16. Nxa4 Bxa4 17. Rd3 Qc5 18. Rhd1 $1 Bd7 {[%emt 0:08:24] [#]} 19. e5 $1 d5 (19... dxe5 $2 20. Nb3 (20. Qxb7 Qa7 $17) 20... Bc6 21. Nxc5 $18) 20. f5 hxg5 21. fxe6 fxe6 {[%emt 0:04:10] [#]} (21... Bxe6 $16 22. Nxe6 fxe6) 22. Rf1 $1 $18 {[%emt 0:09:09] Qf7+ would be deadly.} Rf8 {[%emt 0:12:47] Against Qf7+} (22... gxh4 $2 23. Qf7+ Kd8 24. Nxe6+ Bxe6 25. Qxe6 $18) (22... Rc8 $16) 23. Qh5+ Kd8 24. Rxf8+ Bxf8 25. Bg4 Rc8 (25... Qe7 $142 26. Rf3 Kc8 27. Nxe6 (27. Qxg5 Kc7 $16) (27. hxg5 Kb8 $16) 27... Bxe6) 26. Bxe6 (26. Nxe6+ $2 Bxe6 27. Bd1 gxh4 28. Qxh4+ Be7 $19) (26. Qxg5+ Qe7 $16) 26... Qe7 27. Bxd5 (27. Qxg5 Qxg5+ 28. hxg5 Bxe6 29. Nxe6+ Ke7 $14) (27. Bxd7 $142 Qxd7 28. Rf3 (28. hxg5 Kc7 $16)) 27... Kc7 28. e6 (28. Qxg5 $6 Qxg5+ 29. hxg5 Re8 $16) (28. hxg5 $6 Qxe5 29. Qf7 Qe1+ 30. Rd1 Qe7 $14) 28... Ba4 29. Rf3 {[%emt 0:02:37] Threatens to win with Rf7.} (29. Qxg5 Qxg5+ 30. hxg5 Be7 $14) (29. hxg5 Kb8) 29... Qb4 30. c3 (30. Rf7+ Kd6 31. Qd1 (31. Bxb7 Qe1+ 32. Qd1 Qxd1+ 33. Kxd1 Rc4 $11) 31... Kxd5) 30... Kb8 31. Kb1 $36 {[%emt 0:03:13][%mdl 2048] Black is under strong pressure. The board is on fire.} Qd6 32. Qxg5 {[%emt 0:01:09] Black must now prevent Rf7. White is much more active.} Be7 33. Qg3 (33. Qxg7 Qxd5 34. Qxe7 Bb3 $11) 33... Qxg3 34. Rxg3 Bxh4 $2 (34... Bf6 $16 {was called for.}) 35. Rxg7 Rc7 36. Rg8+ Ka7 $2 (36... Rc8 37. Rg7 Rc5) 37. Nf5 Bf6 38. Rf8 {[%emt 0:02:33] Repels Bb5} Bg5 39. Rg8 Bf6 {[%emt 0:00:37] A strong pair of Bishops.} 40. Rf8 {[%emt 0:01:21] Inhibits Bb5.} (40. c4 $142) 40... Bg5 $1 41. Nd6 a5 42. Rf7 Kb8 43. Nxb7 ({Not} 43. Bxb7 Be7 $16) 43... Bb3 (43... Bh6 {was worth a try.} 44. Rf6 (44. Nxa5 Rc5 $18) 44... Bg7) 44. Rf5 ({Weaker is} 44. Bxb3 Rxb7 45. Rf5 Be7 $18) 44... Be7 45. Nxa5 Ba4 46. Be4 Ka7 47. Bc2 Be8 48. Nb3 Kb6 49. Nd4 Bc5 50. Rd5 Rg7 $2 (50... Re7 51. b4 Bxd4) 51. b4 Be7 52. Nf5 Rg1+ 53. Rd1 Rxd1+ 54. Bxd1 Bf6 55. Kb2 {[%emt 0:00:16] White wants to mate with Nd6.} Bc6 56. Bh5 {[%emt 0:00:20] White mates.} Kb5 57. e7 Kc4 58. Be2+ {[%emt 0:00:09] Artfully played by Beerdsen.   Weighted Error Value: White=0.44/Black=0.46} ({Inferior is} 58. e8=R Bxc3+ 59. Kc2 Ba4+ 60. Kc1 Bxe8 $11) 1-0

[Event "85th Tata Steel Challengers 2023"]
[Site "Wijk aan Zee"]
[Date "2023.01.21"]
[Round "7.5"]
[White "Tabatabaei, M. Amin"]
[Black "L'Ami, Erwin"]
[Result "1-0"]
[ECO "E04"]
[WhiteElo "2686"]
[BlackElo "2627"]
[Annotator "TA"]
[PlyCount "121"]
[EventDate "2023.01.10"]
[EventType "tourn"]
[EventCountry "NED"]
[SourceTitle "playchess.com"]
[Source "ChessBase"]
[SourceQuality "1"]
[TimeControl "40/6000+30:30/3000+30:900+30"]

1. d4 d5 2. c4 e6 3. Nf3 Nf6 4. g3 dxc4 5. Bg2 Nbd7 6. O-O c6 7. a4 a5 8. Qc2 {[%emt 0:03:14] E04: Open Catalan: 5 Nf3.} b5 9. Ne5 Nxe5 10. dxe5 {[%emt 0:00:08] White is slightly better.} Nd5 11. axb5 cxb5 12. Nc3 Qb6 13. Nxd5 exd5 14. Bxd5 Ra7 15. Qe4 {[%emt 0:07:52] White is more active.} Bc5 16. Bc6+ $1 Bd7 17. Bxd7+ Rxd7 18. Qg4 {[%emt 0:03:45] [#]} (18. Qa8+ $14 Rd8 19. Qxa5) 18... a4 $146 (18... Rf8 $1 $11) ({Predecessor:} 18... Rg8 19. Bg5 a4 20. Rfd1 Qc6 21. e3 Be7 22. Bxe7 Kxe7 23. Qg5+ Ke8 24. Rd6 Rxd6 25. exd6 Qd7 26. Rd1 f5 27. Rd5 g6 28. Qf6 {1-0 Matlakov,M (2671)-Sychev,K (2489) Wch Rapid Almaty 2022 (2)}) 19. Qxg7 $16 Rf8 20. Qxh7 {[%emt 0:08:22] And now Qh5 would win.} Bd4 (20... Qg6 $16 21. Qh3 Bd4) 21. Qe4 (21. Bf4 $18) 21... Qb7 (21... Qe6 $16 {was called for.}) 22. Qf5 $1 $18 (22. Qxb7 $6 Rxb7 23. h4 Bxe5 $14) 22... Qd5 23. Bf4 Bxb2 $2 {[%emt 0:04:39] [#]} (23... Qe6 {was worth a try.} 24. Qh5 Bxb2) 24. Rad1 $1 Qe6 25. Qb1 (25. Qh5 $1 $18 {is the precise move to win.} Bd4 26. Qf3) 25... a3 $16 26. Rxd7 Qxd7 27. Qe4 Rg8 28. Qa8+ {[%emt 0:01:30][%mdl 64] Skewer} Qd8 29. Qb7 c3 $2 (29... Rg6 $16) 30. h4 $1 $40 {[%emt 0:15:44][%mdl 128] Black is in trouble.} (30. Qxb5+ Qd7 31. Qb4 a2 $16) 30... Rg6 (30... b4 {keeps fighting.} 31. e6 fxe6) 31. Bg5 $1 (31. Qxb5+ Kf8 $11) 31... Rxg5 32. hxg5 {[%emt 0:00:05][%mdl 4096] Endgame e6 would be deadly. KQR-KQB} Qd7 (32... Kf8 33. g6 (33. Qxb5 a2 $14) 33... fxg6) 33. Qb8+ Ke7 34. Qh8 {[%emt 0:01:30][%cal Og5g6] aiming for g6!} (34. Qb6 a2 35. Qf6+ Kf8 36. Qh8+ Ke7 $18) 34... a2 35. Qf6+ $2 (35. g6 $18 {White threatens g7 and mate.} fxg6 36. Qh7+ Kd8 37. Qg8+ (37. Qxg6 a1=Q $17) 37... Kc7 38. Qxa2 (38. Qxg6 $2 a1=Q $19)) 35... Ke8 $2 (35... Kf8 $11) 36. Qh8+ Ke7 {[%emt 0:00:02] [#]} 37. g6 $1 fxg6 38. Qf6+ Ke8 {[%emt 0:00:03] [#]} 39. e6 $1 (39. Qxg6+ Kf8 $11) 39... Qe7 40. Qh8+ (40. Qxg6+ Kf8 $11) 40... Qf8 41. Qh7 (41. Qh1 $18 {White wants to mate with Rd1.} Ke7 42. Qd5) 41... Qe7 $11 42. Qg8+ Qf8 43. Qxg6+ Ke7 44. Qe4 {[%emt 0:13:19] Hoping for Qb4+.} Qe8 45. Qb4+ Kf6 $2 (45... Kxe6 $11 {and Black stays safe.} 46. Qb3+ (46. Qe4+ Kf7 $11) 46... Kd6) 46. Qd4+ $18 Kxe6 47. Qe3+ (47. Qe4+ Kf7 48. Qf4+ Kg8 $11) 47... Kf7 48. Qa7+ Kf6 {[%emt 0:01:27] White must now prevent ...Qe6.} 49. Qxa2 Qxe2 50. Qb3 {[%emt 0:01:44] Threatens to win with Qb4.} Ke7 {[%emt 0:07:14] [#]} 51. Qb4+ (51. Kg2 $1 $18) 51... Kd7 $1 $14 52. Kg2 $1 {[%emt 0:01:15] Rh1 is the strong threat.} (52. Qc5 c2 53. Qd5+ Kc7 54. Qc5+ Kb7 55. Qd5+ Kb6 56. Qd6+ (56. Qd8+ $2 Kc5 $19) 56... Ka5 $11) 52... Qc4 $2 (52... Qe5 $16) 53. Rd1+ $18 {[%emt 0:00:14] White is clearly winning.} Kc6 54. Qe7 {[%emt 0:00:44] Threatening mate with Rd6+.} c2 55. Rd6+ Kc5 56. Rd8+ Kb6 57. Rb8+ Ka5 58. Ra8+ Kb6 59. Qa7+ Kc6 60. Rc8+ Kd5 61. Qd7+ {[%emt 0:00:23][%mdl 64] Deflection. An exciting game.   Weighted Error Value: White=0.64/Black=0.82} ({Not} 61. Rxc4 Kxc4 62. Qa2+ (62. Qc7+ Kb3 $11) 62... Kc3 63. Qa5+ Kc4 64. Qc7+ Kb3 65. Qf7+ Kb4 66. Qe7+ (66. Qf4+ Kb3 $11) 66... Kb3 67. Qe3+ Ka2 68. Qe6+ Ka3 69. Qd6+ (69. Qe3+ Ka2 $11) 69... Ka4 70. Qa6+ (70. Qf4+ $2 b4 $19) 70... Kb4 71. Qd6+ Ka4 72. Qa6+ (72. Qf4+ $2 b4 $19) 72... Kb4 73. Qd6+ Ka4 $11) 1-0

[Event "85th Tata Steel Challengers 2023"]
[Site "Wijk aan Zee"]
[Date "2023.01.21"]
[Round "7.6"]
[White "Vaishali, Rameshbabu"]
[Black "Supi, Luis Paulo"]
[Result "1-0"]
[ECO "B94"]
[WhiteElo "2425"]
[BlackElo "2608"]
[Annotator "TA"]
[PlyCount "71"]
[EventDate "2023.01.10"]
[EventType "tourn"]
[EventCountry "NED"]
[SourceTitle "playchess.com"]
[Source "ChessBase"]
[SourceQuality "1"]
[TimeControl "40/6000+30:30/3000+30:900+30"]

1. e4 c5 2. Nf3 d6 3. d4 cxd4 4. Nxd4 Nf6 5. Nc3 a6 6. Bg5 Nbd7 7. g4 {[%emt 0:00:27] B94: Sicilian Najdorf: 6 Bg5 Nbd7.} b5 {[%emt 0:01:38] [#]} 8. Bg2 $146 ({Predecessor:} 8. a3 Bb7 9. f3 e6 10. Qd2 Be7 11. h4 Qc7 12. O-O-O Nb6 13. Rg1 Nc4 14. Bxc4 Qxc4 {0-1 Okike,D (2170)-Bakhmatsky,V (2447) Titled Tuesday intern op 5th Nov blitz 2019 (2)}) 8... Bb7 9. Be3 {[%emt 0:05:41] The position is equal.} Rc8 10. g5 Rxc3 $1 11. bxc3 Nxe4 12. Qg4 Ne5 13. Qh4 (13. Qh3 $5 ) 13... Qa8 14. O-O $1 Nxc3 15. Bxb7 Qxb7 16. Rfe1 {[%emt 0:01:53] [#] Wards off Ne2+} (16. f4 $1 $11 Nc4 17. Rae1) 16... g6 $1 $17 17. f4 Nc4 {[%emt 0:02:45] A dynamic duo of knights.} 18. f5 Qe4 (18... gxf5 $17 {Threatens to win with ...Ne5.} 19. Nxf5 Rg8) 19. Qh3 $1 $11 {[%emt 0:05:20] Hoping for Bf2.} Nxe3 20. Qxe3 Qxe3+ 21. Rxe3 Nd5 22. Ra3 Nc7 23. Rf1 Rg8 (23... gxf5 $142 24. Nxf5 Rg8) 24. Rc3 (24. f6 $5 ) 24... Kd7 25. fxg6 Bg7 26. Rd3 fxg6 27. Rf7 (27. c3 $11) 27... Ke8 28. Rf2 Kd7 29. Rf7 Ke8 30. Rf2 h6 31. gxh6 Bxh6 32. Nc6 Bg5 33. Re2 Kd7 34. Ne5+ {[%emt 0:00:08][%mdl 1024] White has compensation.} Kc8 35. Rg3 $1 Bh4 {[%emt 0:01:34] [#]} (35... Bf6 $14 36. Nxg6 (36. Rxg6 Rf8 $11) 36... Rg7) 36. Nxg6 {[%emt 0:00:43][%mdl 64] Discovered Attack.   Weighted Error Value: White=0.14 (very precise) /Black=0.24 (precise)} 1-0